 Dungeon Crawl Stone Soup version 0.29.0-4-gdea44cf6ec (webtiles) character file.

Game seed: 18395480002610664735

417 qw the Chopper (level 6, 1/1 (35) HPs)
             Began as a Tengu Warper on Aug 28, 2022.
             Tarried too long and was consumed by Zot
             ... on level 3 of the Dungeon.
             The game lasted 00:06:46 (29547 turns).

qw the Chopper (Tengu Warper)                      Turns: 29547, Time: 00:06:47

HP:   1/1 (35)      AC: 10    Str: 13    XL:     6   Next: 93%
MP:   19/19         EV:  4    Int: 13    God:
Gold: 187           SH:  6    Dex: 14    Spells: 9/9 levels left

rFire   . . .      SeeInvis .   Y - +0 war axe
rCold   . . .      Faith    .   g - +2 buckler of Bymegeha {Fly Will- MP+9}
rNeg    . . .      Spirit   .   j - +0 plate armour
rPois   .          Reflect  .   (helmet restricted)
rElec   .          Harm     .   (no cloak)
rCorr   .          Rampage  .   (no gloves)
Will    .....                   (boots unavailable)
Stlth   ..........              (no amulet)
HPRegen 0.01/turn               (no ring)
MPRegen 0.16/turn               (no ring)

@: flying quickly and evasively, extremely drained, bezotted and risking death,
quick
A: beak, talons 3, nimble flight
a: no special abilities


You were on level 3 of the Dungeon.
You visited 1 branch of the dungeon, and saw 4 of its levels.

You collected 187 gold pieces.


Innate Abilities, Weirdness & Mutations

You have a beak for a mouth.
You have claws for feet.
Your magical nature lets you fly swiftly and evasively.


   Skills:
 - Level 2.0 Fighting
 - Level 7.3 Axes
 - Level 1.0 Throwing
 + Level 2.0 Armour
 - Level 2.1 Dodging
 - Level 1.7 Shields
 - Level 2.0 Spellcasting
 - Level 2.4 Translocations


You had 9 spell levels left.
You didn't know any spells.
Your spell library contained the following spells:

 Spells                   Type           Power      Damage    Failure   Level
 Blink                    Tloc           14%        N/A       100%        2
 Gell's Gravitas          Tloc           7%         N/A       100%        3
 Lesser Beckoning         Tloc           7%         N/A       100%        3
 Teleport Other           Tloc           7%         N/A       100%        3
 Manifold Assault         Tloc           7%         N/A       100%        5

Inventory:

Hand Weapons
 d - a +0 flail
 Y - a +0 war axe (weapon)
Missiles
 f - a boomerang (quivered)
Armour
 g - the +2 buckler of Bymegeha (worn) {Fly Will- MP+9}
   (You found it on level 3 of the Dungeon)

   MP:        It affects your magic capacity (+9).
   Fly:       It grants you flight.
   Will:      It decreases your willpower.
 j - a +0 plate armour (worn)
Scrolls
 a - a scroll of identify
Potions
 b - a potion of ambrosia {unknown}
 c - a potion of degeneration {unknown}
 e - a potion of heal wounds
 h - a potion of mutation {unknown}

Dungeon Overview and Level Annotations

Branches:
Dungeon (4/15) Zot: 0! Temple: D:4-7 You are so drained that the power of Zot will kill you!

Altars:
Qazlal
Zin


Message History

You see here a +0 short sword.
There is an escape hatch in the floor here.
You see here a +0 short sword.
There is a stone staircase leading down here.
There is a stone staircase leading down here.
There is a stone staircase leading down here.
You see here a +0 short sword.
There is an escape hatch in the floor here.
You see here a +0 short sword.
There is a stone staircase leading down here.
You see here a +0 short sword.
There is an escape hatch in the floor here.
You see here a +0 short sword.
There is a stone staircase leading down here.
There is a stone staircase leading down here.
There is a stone staircase leading down here.
You see here a +0 short sword.
There is an escape hatch in the floor here.
You see here a +0 short sword.
There is a stone staircase leading down here.
You see here a +0 short sword.
There is an escape hatch in the floor here.
You see here a +0 short sword.
There is a stone staircase leading down here.
There is a stone staircase leading down here.
There is a stone staircase leading down here.
You see here a +0 short sword.
There is an escape hatch in the floor here.
Zot has nearly found you.
Death is approaching.
Descend or flee this branch!
You see here a +0 short sword.
There is a stone staircase leading down here.
There is a stone staircase leading down here.
You see here a +0 short sword.
There is an escape hatch in the floor here.
You see here a +0 short sword.
There is a stone staircase leading down here.
There is a stone staircase leading down here.
You see here a +0 short sword.
Zot has found you!
You die...

.##.## #.......# .##.# #.......#
.##.# #.......#### .##.#
#..........# .##.#
#.......##.########## ....#
#...................#
..#######.......>..########.#
..# ##.##..).......#### #.#
.?###...........@.....#####.#
..##.#....#.................#
....<..............##.####<.#
..##.#.#..#........##.## #..#
..###.###...######.#...# #..####
..##.## ##..# #.#...###..<..#
..#.## ##.# ##.#....##.....#
..##.## ##..#####...#...##.....#
......###.........#.#...####..##


There were no monsters in sight!

Vanquished Creatures
  The ghost of qw the Chopper, an amateur TeWr (D:3)
  A bullfrog (D:4)
  A scorpion (D:4)
  Jessica (D:2)
  3 gnolls (D:4)
  4 adders
  3 worms
  A dart slug (D:1)
  8 orcs (D:4)
  7 bats
  7 endoplasms
  3 giant cockroaches
  5 goblins
  9 hobgoblins
  4 quokkas
  5 ball pythons (D:1)
  A frilled lizard (D:3)
  5 kobolds
  6 rats
75 creatures vanquished.

Notes
Turn   | Place    | Note
-------+----------+-------------------------------------------
     0 | D:1      | qw the Tengu Warper began the quest for the Orb.
     0 | D:1      | Reached XP level 1. HP: 12/12 MP: 4/4
     0 | D:1      | 0 ||| qw: Version: 0.1-a-89-g26bdef1
     0 | D:1      | 0 ||| qw: Game counter: 471
     0 | D:1      | 0 ||| qw: Always use a shield: true
     0 | D:1      | 0 ||| qw: God list: Okawaru
     0 | D:1      | 0 ||| qw: Allow faded altars: false
     0 | D:1      | 0 ||| qw: Do Orc after D:15 true
     0 | D:1      | 0 ||| qw: Do second Lair branch before Depths: true
     0 | D:1      | 0 ||| qw: Lair rune preference: random
     0 | D:1      | 0 ||| qw: Plans: Normal
     0 | D:1      | 0 ||| PLANNING D:1-11
   125 | D:1      | Found a faded altar of an unknown god.
   174 | D:1      | Reached XP level 2. HP: 15/17 MP: 6/6
   176 | D:1      | Reached skill level 3 in Axes
   369 | D:1      | 369 ||| Stepping ~*~*~tactically~*~*~ (hiding).
   434 | D:1      | 434 ||| Stepping ~*~*~tactically~*~*~ (stealth).
   435 | D:1      | 435 ||| Stepping ~*~*~tactically~*~*~ (stealth).
   498 | D:1      | 498 ||| Stepping ~*~*~tactically~*~*~ (stealth).
   512 | D:1      | 512 ||| Stepping ~*~*~tactically~*~*~ (stealth).
   513 | D:1      | 513 ||| Stepping ~*~*~tactically~*~*~ (stealth).
   515 | D:1      | 515 ||| Stepping ~*~*~tactically~*~*~ (stealth).
   547 | D:1      | Reached XP level 3. HP: 21/21 MP: 7/7
   703 | D:1      | 703 ||| Stepping ~*~*~tactically~*~*~ (stealth).
   849 | D:1      | 849 ||| READING scroll labelled LIYKAGG WEFORCH.
   850 | D:1      | 850 ||| DROPPING scroll of blinking.
   901 | D:2      | Reached skill level 4 in Axes
   901 | D:2      | 901 ||| STAIRDANCE
  1119 | D:2      | You fall into a shaft and drop 1 floor!
  1127 | D:3      | Identified the +2 buckler of Bymegeha {Fly Will- MP+9}
  1367 | D:3      | 1367 ||| Stepping ~*~*~tactically~*~*~ (stealth).
  1380 | D:3      | Reached XP level 4. HP: 7/26 MP: 8/8
  1380 | D:3      | HP: 5/26 [goblin/+0 club (2)]
  1742 | D:3      | 1742 ||| Stepping ~*~*~tactically~*~*~ (stealth).
  1825 | D:3      | Found a runed translucent gate.
  1825 | D:3      | Found a runed translucent gate.
  1825 | D:3      | Found a runed translucent gate.
  1877 | D:3      | 1877 ||| UPGRADING to +2 buckler of Bymegeha {Fly Will-
                  | MP+9}.
  1882 | D:3      | 1882 ||| UPGRADING to +0 ring mail.
  1892 | D:3      | 1892 ||| DROPPING +0 leather armour.
  1893 | D:3      | 1893 ||| READING scroll labelled IGIPHENUIQ.
  1894 | D:3      | 1894 ||| READING scroll labelled LIASCH FUTEOH.
  1899 | D:3      | 1899 ||| READING 3 scrolls of identify.
  1899 | D:3      | 1899 ||| IDENTIFYING lumpy inky potion
  1900 | D:3      | 1900 ||| READING 2 scrolls of identify.
  1900 | D:3      | 1900 ||| IDENTIFYING sedimented coppery potion
  1901 | D:3      | 1901 ||| DROPPING potion of magic.
  2065 | D:2      | Noticed Jessica
  2066 | D:2      | 2066 ||| Stepping ~*~*~tactically~*~*~ (hiding).
  2074 | D:2      | 2074 ||| Stepping ~*~*~tactically~*~*~ (hiding).
  2078 | D:2      | Killed Jessica
  2079 | D:2      | Reached skill level 1 in Shields
  2674 | D:2      | 2674 ||| READING scroll labelled JYGATHRULUCK.
  2825 | D:3      | Identified the +1 robe of Juimy {Dex+6}
  2836 | D:3      | Found a glowing silver altar of Zin.
  2937 | D:3      | Reached skill level 5 in Axes
  2937 | D:3      | Gained mutation: Your magical nature lets you fly swiftly
                  | and evasively. [Tengu growth]
  2937 | D:3      | Reached XP level 5. HP: 30/30 MP: 9/9
  3135 | D:3      | Noticed qw's ghost (amateur TeWr)
  3137 | D:3      | 3137 ||| DROPPING +1 robe of Juimy {Dex+6}.
  3138 | D:3      | 3138 ||| UPGRADING to +0 chain mail.
  3148 | D:3      | 3148 ||| DROPPING +0 ring mail.
  3297 | D:3      | 3297 ||| READING 2 scrolls of teleportation.
  3406 | D:3      | 3406 ||| READING scroll of teleportation.
  3463 | D:4      | 3463 ||| STAIRDANCE
  3576 | D:4      | 3576 ||| FLEEEEING.
  3577 | D:4      | 3577 ||| FLEEEEING.
  3578 | D:4      | 3578 ||| FLEEEEING.
  3579 | D:4      | 3579 ||| FLEEEEING.
  3580 | D:4      | 3580 ||| STAIRDANCE
  3771 | D:4      | 3771 ||| Stepping ~*~*~tactically~*~*~ (stealth).
  3780 | D:4      | Reached skill level 6 in Axes
  3780 | D:4      | Reached XP level 6. HP: 34/35 MP: 10/10
  3822 | D:4      | Found a stormy altar of Qazlal.
  3892 | D:4      | 3892 ||| Stepping ~*~*~tactically~*~*~ (stealth).
  3894 | D:4      | 3894 ||| Stepping ~*~*~tactically~*~*~ (hiding).
  3903 | D:4      | HP: 4/35 [gnoll/+0 club (7)]
  3904 | D:4      | 3904 ||| DRINKING 2 potions of heal wounds.
  4101 | D:4      | 4101 ||| Stepping ~*~*~tactically~*~*~ (stealth).
  4140 | D:4      | 4140 ||| Stepping ~*~*~tactically~*~*~ (stealth).
  4141 | D:4      | 4141 ||| SWAPPING to +0 war axe.
  4142 | D:4      | 4142 ||| DROPPING +0 hand axe.
  4185 | D:4      | 4185 ||| Stepping ~*~*~tactically~*~*~ (stealth).
  4420 | D:4      | 4420 ||| UPGRADING to +0 plate armour.
  4430 | D:4      | 4430 ||| DROPPING +0 chain mail.
  4431 | D:4      | 4431 ||| READING scroll labelled JESUOXZERERO.
  4432 | D:4      | 4432 ||| Stepping randomly (stuck).
  4433 | D:4      | 4433 ||| Stepping ~*~*~tactically~*~*~ (cloud).
  4442 | D:4      | HP: 8/35 [poisoned by you (poison gas)]
  4737 | D:3      | 4737 ||| Stepping randomly (stuck).
  4744 | D:3      | Killed qw's ghost
  4745 | D:3      | Reached skill level 7 in Axes
 25100 | D:3      | Glimpsed the power of Zot.
 25655 | D:3      | Glimpsed the power of Zot.
 26100 | D:3      | Glimpsed the power of Zot.
 26211 | D:3      | Touched by the power of Zot.
 26212 | D:3      | Glimpsed the power of Zot.
 26767 | D:3      | Glimpsed the power of Zot.
 27212 | D:3      | Glimpsed the power of Zot.
 27323 | D:3      | Touched by the power of Zot.
 27324 | D:3      | Glimpsed the power of Zot.
 27879 | D:3      | Glimpsed the power of Zot.
 28324 | D:3      | Glimpsed the power of Zot.
 28435 | D:3      | Touched by the power of Zot.
 28436 | D:3      | Glimpsed the power of Zot.
 28991 | D:3      | Glimpsed the power of Zot.
 29436 | D:3      | Glimpsed the power of Zot.
 29547 | D:3      | Tarried too long and was consumed by Zot

Levels and vault maps discovered:
D:1:      erik_arrival_triangle_large, layout_loops_ring,
          chequers_ecumenical_altar_simple_redux, minmay_ruptured
D:2:      layout_basic, minmay_tromino_v7, uniq_jessica
D:3:      layout_loops_ring, nicolae_overflow_hidden_temple,
          ebering_ghost_rock_garden
D:4:      layout_gridville, lemuel_doored_altar

Skill      XL: |  1  2  3  4  5  6 |
---------------+-------------------+-----
Axes           | 3 4 5 6 7 |  7.3
Shields        | 1 |  1.7
Armour         | 2 |  2.0
Fighting       | |  2.0
Throwing       | |  1.0
Dodging        | |  2.1
Spellcasting   | |  2.0
Translocations | |  2.4

Action                   |  1- 3 |  4- 6 || total
-------------------------+-------+-------++-------
Melee: Hand axe          |    63 |    90 ||   153
       Kick              |    16 |    29 ||    45
       Peck              |     9 |    19 ||    28
       War axe           |       |    10 ||    10
Throw: Boomerang         |     7 |    22 ||    29
  Use: Scroll            |     1 |     8 ||     9
       Potion            |       |     1 ||     1
Armor: Leather armour    |     7 |     3 ||    10
       Ring mail         |       |     8 ||     8
       Chain mail        |       |    26 ||    26
       Plate armour      |       |     2 ||     2
Dodge: Dodged            |    41 |    23 ||    64
Block: Buckler           |       |    24 ||    24

Table legend:
 A = Non-vault XP
 B = Vault XP
 C = Vault XP percentage of total XP
 D = Non-vault monster count
 E = Vault monster count
 F = Vault count percentage of total count
                 A         B        C        D         E       F
            +---------+---------+-------+---------+---------+-------
      Total |     392 |     205 |  34.3 |      68 |       7 |   9.3
            +---------+---------+-------+---------+---------+-------
        D:1 |      31 |       9 |  22.5 |      18 |       4 |  18.2
        D:2 |      27 |      42 |  60.9 |       9 |       2 |  18.2
        D:3 |      61 |     154 |  71.6 |      16 |       1 |   5.9
        D:4 |     273 |       0 |   0.0 |      25 |       0 |   0.0
            +---------+---------+-------+---------+---------+-------
